Map: Chantier naval orbital

Players

PhoenixImba - Winner!

  • Race: Terran Terran
  • League: Diamond

SiGG

  • Race: Zerg Zerg
  • League: Master

VOD

Have the link to the VOD?

Description

Time

  • Played on: Dec. 23, 2015, 8:18 a.m.
  • Length: 7:34
Show
View Real Time Build Order
Export as new Build Order

PhoenixImba Terran - Winner!

Build Orders: 1/1/1 

Get SALT Encoding   

  12  0:01  SCV  
  13  0:13  SCV  
  14  0:19  Supply Depot  
  14  0:25  SCV  
  15  0:37  Refinery  
  15  0:40  SCV  
  16  0:45  Barracks  
  16  0:52  SCV  
  17  1:04  SCV  
  17  1:08  Refinery  
  18  1:17  SCV  
  19  1:29  SCV  
  19  1:32  Marine  
  21  1:36  Factory  
  21  1:43  Supply Depot  
  21  1:44  Orbital Command  
  21  1:49  Marine  
  22  2:09  Marine  
  22  2:12  SCV  
  24  2:20  Starport  
  24  2:21  Factory Reactor  
  24  2:31  Marine  
  24  2:32  SCV  
  26  2:43  Supply Depot  
  26  2:44  SCV  
  27  2:52  Marine  
  28  2:58  Medivac  
  28  3:01  Supply Depot  
  28  3:05  Widow Mine x2  
  34  3:11  Marine  
  35  3:26  Fusion Core  
  35  3:27  Supply Depot  
  35  3:29  Starport Tech Lab  
  35  3:31  Marine  
  35  3:33  Widow Mine x2  
  40  3:49  Marine  
  40  3:50  Supply Depot  
  41  4:07  Marine  
  42  4:11  Hellion  
  42  4:12  Supply Depot, Hellion  
  46  4:19  Battlecruiser  
  52  4:26  Marine  
  53  4:33  Hellion x2  
  53  4:35  Supply Depot  
  57  4:58  Hellion x2  
  61  5:00  Supply Depot  
  61  5:03  Marine  
  62  5:16  Armory  
  62  5:19  Hellion x2  
  62  5:21  Marine  
  67  5:22  Banshee  
  67  5:24  Supply Depot  
  70  5:38  Marine  
  70  5:40  Hellion x2  
  67  5:53  Supply Depot  
  65  5:58  Marine  
  65  6:02  Hellion x2  
  70  6:05  Banshee  
  73  6:15  Marine  
  75  6:23  Hellion  
  76  6:33  Marine, Hellion  
  75  6:52  Marine  
  67  7:14  Marine  
Show
View Real Time Build Order
Export as new Build Order

SiGG Zerg 

Build Orders: Hatch First 

Get SALT Encoding   

  12  0:00  Drone  
  13  0:13  Overlord  
  13  0:20  Drone  
  14  0:31  Drone x2  
  17  0:35  Drone  
  17  0:52  Hatchery  
  17  0:55  Drone  
  17  1:03  Extractor  
  16  1:12  Spawning Pool  
  16  1:14  Drone  
  16  1:18  Drone  
  17  1:25  Drone  
  17  1:29  Drone  
  19  1:40  Overlord  
  19  1:50  Drone  
  20  1:58  Queen  
  22  2:06  Metabolic Boost  
  22  2:07  Queen  
  25  2:08  Zergling x2  
  25  2:11  Zergling x2  
  25  2:14  Drone  
  27  2:18  Drone  
  29  2:22  Drone  
  29  2:26  Overlord  
  29  2:33  Overlord  
  29  2:41  Overlord  
  29  2:44  Overlord  
  29  3:00  Drone  
  29  3:01  Hatchery, Drone  
  29  3:02  Drone  
  31  3:06  Zergling x2  
  31  3:07  Drone  
  31  3:09  Drone  
  31  3:11  Drone  
  35  3:15  Drone  
  35  3:16  Drone  
  35  3:19  Drone  
  38  3:21  Drone  
  38  3:23  Drone  
  40  3:28  Zergling x2  
  40  3:33  Zergling x2  
  42  3:37  Lair  
  42  3:39  Extractor  
  42  3:40  Extractor  
  40  3:41  Queen  
  42  3:51  Drone x2  
  42  3:53  Drone x3  
  42  3:54  Drone x2  
  49  3:56  Drone  
  49  4:01  Drone  
  51  4:04  Overlord  
  51  4:12  Overlord  
  51  4:13  Overlord, Drone x2  
  53  4:19  Queen  
  53  4:22  Zergling x2  
  53  4:23  Zergling x4  
  58  4:26  Drone x3  
  58  4:28  Drone  
  58  4:30  Zergling x2  
  63  4:36  Spire  
  62  4:40  Drone  
  62  4:41  Zergling x4, Extractor  
  64  4:47  Baneling Nest  
  54  4:54  Spore Crawler  
  54  4:56  Drone  
  54  4:57  Drone x3  
  57  5:01  Drone x2  
  57  5:05  Spore Crawler  
  58  5:09  Spore Crawler  
  58  5:11  Drone x2  
  59  5:15  Drone  
  59  5:17  Drone  
  59  5:20  Drone x2  
  63  5:22  Drone  
  63  5:25  Drone  
  65  5:30  Overlord  
  65  5:36  Burrow  
  65  5:38  Extractor  
  62  5:55  Mutalisk  
  62  5:56  Mutalisk x3  
  70  6:00  Drone x2  
  70  6:01  Drone x5  
  70  6:03  Baneling  
  70  6:04  Baneling  
  77  6:05  Extractor  
  77  6:08  Evolution Chamber  
  77  6:11  Evolution Chamber  
  74  6:17  Zergling x2  
  74  6:18  Zergling x10  
  79  6:30  Zergling x2  
  79  6:31  Zergling x16  
  87  6:33  Baneling x3  
  82  6:42  Zergling x12  
  82  6:44  Zergling x2  
  82  6:49  Zergling x4  
  82  6:50  Zergling x2  
  76  6:55  Baneling x5  
  71  7:01  Zergling x2  
  71  7:02  Zergling x2  
Tags
 
Add a new tag
Caveats
  • Supply blocks, unpowered buildings, or Contaminate may cause inaccurate times.
  • Supply counts are checked every 10 seconds.